 Dungeon Crawl Stone Soup version 0.17.1-1-g73c8601 (webtiles) character file.

6134 lucasterio the Basher (level 10, -3/70 HPs)
             Began as a Demonspawn Berserker on Dec 14, 2015.
             Was a High Priest of Trog.
             Slain by an ogre
             ... wielding a +0 giant spiked club
              (28 damage)
             ... on level 9 of the Dungeon.
             The game lasted 00:28:16 (7128 turns).

lucasterio the Basher (Demonspawn Berserker)        Turns: 7128, Time: 00:28:17

Health: -3/70      AC: 14    Str: 20    XL:     10   Next: 59%
Magic:  19/19      EV: 11    Int:  8    God:    Trog [*****.]
Gold:   412        SH:  0    Dex: 18    Spells: 0 memorised, 9 levels left

rFire  + . .     SeeInvis .     z - +7 dire flail of the Slime-mould {crush, Dex+4}
rCold  . . .     Clarity  .     T - +0 scale mail {MR+}
rNeg   . . .     SustAt   .     (shield currently unavailable)
rPois  .         Gourm    .     (helmet restricted)
rElec  .         Spirit   .     N - +0 cloak
rCorr  +         Warding  .     (no gloves)
rMut   .         Stasis   .     M - +0 pair of boots (curse)
MR     +....                    i - amulet of resist corrosion
Stlth  ..........               O - ring of protection from fire
                                F - ring of magical power

@: somewhat resistant to hostile enchantments, extremely unstealthy
A: horns 1, slimy green scales 2, deterioration 1, spiny 1, wild magic 1, rot
immunity
a: Berserk, Trog's Hand, Brothers in Arms, Burn Spellbooks, Renounce Religion


You were on level 9 of the Dungeon.
You worshipped Trog.
Trog was extremely pleased with you.
You were not hungry.

You visited 1 branch of the dungeon, and saw 9 of its levels.

You collected 628 gold pieces.
You spent 216 gold pieces at shops.

Inventory:

Hand Weapons
 o - a +3 whip of freezing
 z - the +7 dire flail of the Slime-mould (weapon) {crush, Dex+4}
   (You bought it in a shop on level 4 of the Dungeon)

   It inflicts extra damage upon your enemies.
   It affects your dexterity (+4).
 P - a +0 shortbow of evasion
Missiles
 j - 187 arrows
 y - 2 throwing nets (quivered)
 X - 8 tomahawks
Armour
 A - a cursed +0 buckler
 D - a +0 plate armour
 M - a cursed +0 pair of boots (worn)
 N - a +0 cloak (worn)
 Q - a +2 leather armour of cold resistance
 T - a +0 scale mail of magic resistance (worn)
Jewellery
 i - an amulet of resist corrosion (around neck)
 k - a cursed ring of teleportation {unknown}
 w - an uncursed amulet of warding
 F - a ring of magical power (left hand)
 O - a ring of protection from fire (right hand)
Wands
 a - a wand of disintegration (11)
 g - a wand of fireball (7)
 h - a wand of flame (29)
 l - a wand of flame (30)
 t - a wand of disintegration (14)
 G - a wand of magic darts (22)
 H - a wand of draining (5)
 K - a wand of confusion (12)
 R - a wand of digging (8)
 V - a wand of cold (8)
Scrolls
 b - 3 scrolls of identify
 f - a scroll of enchant weapon
 r - 3 scrolls of fog
 v - 2 scrolls of vulnerability {unknown}
 C - 4 scrolls of teleportation
 E - 3 scrolls of enchant armour {unknown}
 J - a scroll of amnesia {unknown}
 U - a scroll of fear {unknown}
 Y - a scroll of immolation {unknown}
 Z - 3 scrolls of noise {unknown}
Potions
 d - a potion of ambrosia
 e - 5 potions of curing
 m - 3 potions of heal wounds {unknown}
 n - 5 potions of lignification {unknown}
 p - 3 potions of might {unknown}
 q - 2 potions of invisibility {unknown}
 u - a potion of haste {unknown}
 I - a potion of mutation
 L - 2 potions of cure mutation {unknown}
 W - a potion of resistance {unknown}
Comestibles
 c - 6 bread rations
 s - 2 meat rations
 x - 6 chunks of flesh
 B - 6 fruits
 S - 3 beef jerkies


   Skills:
 - Level 3.0 Fighting
 * Level 12.2 Maces & Flails
 + Level 8.6 Armour
 - Level 1.7 Dodging


You had 9 spell levels left.
You didn't know any spells.

Dungeon Overview and Level Annotations

Branches:
Dungeon (9/15)             Temple (0/1) D:5            Lair (0/8) D:8
    Orc: D:9-12

Altars:
Elyvilon
Fedhas
Gozag
Kikubaaqudgha
Makhleb
Okawaru
Qazlal
Ru
Sif Muna
Trog
Vehumet
Xom
Yredelemnul
Zin
The Shining One

Shops:
D:4 %}(


Innate Abilities, Weirdness & Mutations

You have a pair of small horns on your head.
You are mostly covered in slimy green scales (AC +3).
You are partially covered in sharp spines.
You are immune to rotting.
Your body sometimes deteriorates upon taking damage.
Your spells are a little harder to cast, but a little more powerful.


Message History

A jackal comes into view.
You see here a yak corpse.
You butcher the yak corpse.
The jackal barks!
Things that are here:
5 chunks of flesh; a yak skeleton You see here a quokka corpse.
You butcher the quokka corpse.
The jackal is struck by your spines.
You kill the jackal!
Trog accepts your kill.
x - 6 chunks of flesh (gained 2)
You see here a quokka skeleton.
An ogre comes into view. It is wielding a giant spiked club.
The ogre shouts!
You see here a jackal corpse.
You butcher the jackal corpse.
You see here 3 chunks of flesh.
The ogre is struck by your spines.
The ogre hits you with a giant spiked club!!
You die...

.# . .# .. .#
...#########.#
.............#####
..........%.......
......O@..........
........%....#####
........รท....#
..........>..#
########.....####
######......#.....(..#
#>..........#........#
#....#####..#........#
#####....#...#..#........#


You could see an ogre.

Vanquished Creatures
  Erica (D:9)
  A hill giant (D:7)
  Pikel (D:6)
  2 kobold demonologists (D:9)
  A wyvern (D:8)
  6 yaks (D:9)
  Duvessa (D:6)
  3 orc warriors
  An ice beast (D:5)
  3 slaves (D:6)
  A black bear (D:8)
  A phantom (D:6)
  2 sky beasts
  4 centaurs
  3 ogres
  The ghost of asdu the Magician, an amateur DEAE (D:4)
  4 big kobolds (D:9)
  A giant frog (D:8)
  A water moccasin skeleton (D:8)
  3 scorpions
  Dowan (D:6)
  A hound (D:7)
  3 crimson imps
  3 iguanas
  2 orc priests
  2 giant frog skeletons
  5 orc wizards
  5 worker ants
  11 adders
  15 gnolls
  A shadow imp (D:9)
  An ooze (D:3)
  3 adder skeletons
  3 worms
  31 orcs
  3 ball pythons
  8 bats
  6 giant cockroaches
  7 goblins
  6 hobgoblins
  9 jackals
  16 kobolds
  7 quokkas
  2 giant geckos
  10 giant newts
  A quokka skeleton (D:7)
  10 rats
  A fungus (D:8)
  A plant (D:5)
215 creatures vanquished.

Vanquished Creatures (others)
  An ogre (D:9)
  A giant frog (D:6)
  An orc (D:6)
  A rat (D:2)
  4 toadstools (D:1)
8 creatures vanquished.

Grand Total: 223 creatures vanquished

Notes
Turn   | Place    | Note
--------------------------------------------------------------
     0 | D:1      | lucasterio the Demonspawn Berserker began the quest for the Orb.
     0 | D:1      | Reached XP level 1. HP: 18/18 MP: 1/1
   227 | D:1      | Gained mutation: You are partially covered in sharp spines. [demonic ancestry]
   227 | D:1      | Reached XP level 2. HP: 21/24 MP: 2/2
   639 | D:2      | Gained mutation: You have a pair of small horns on your head. [demonic ancestry]
   639 | D:2      | Reached XP level 3. HP: 29/29 MP: 3/3
   696 | D:2      | Found a radiant altar of Vehumet.
   758 | D:2      | Reached ** piety under Trog
   764 | D:2      | Reached skill level 4 in Maces & Flails
   764 | D:2      | Reached XP level 4. HP: 20/35 MP: 4/4
  1283 | D:2      | Found a blossoming altar of Fedhas.
  1286 | D:2      | Found a stormy altar of Qazlal.
  1289 | D:2      | Found an opulent altar of Gozag.
  1690 | D:3      | Reached XP level 5. HP: 41/41 MP: 5/5
  1779 | D:3      | Reached *** piety under Trog
  1841 | D:3      | Reached skill level 5 in Maces & Flails
  2069 | D:3      | Found a sacrificial altar of Ru.
  2077 | D:3      | Gained mutation: You are partially covered in slimy green scales (AC +2). [demonic ancestry]
  2077 | D:3      | Reached XP level 6. HP: 47/47 MP: 6/6
  2332 | D:4      | Found Ziqo's Antique Weapon Emporium.
  2344 | D:4      | Bought a crude dire flail for 216 gold pieces
  2344 | D:4      | Identified the +7 dire flail of the Slime-mould {crush, Dex+4} (You bought it in a shop on level 4 of the Dungeon)
  2402 | D:4      | Reached skill level 6 in Maces & Flails
  2556 | D:4      | Found Daddov's Gadget Shoppe.
  2573 | D:4      | Noticed asdu's ghost (amateur DEAE)
  2579 | D:4      | Killed asdu's ghost
  2633 | D:4      | Found Wanewo's Food Shoppe.
  2646 | D:4      | Reached XP level 7. HP: 52/52 MP: 7/7
  2653 | D:4      | Reached **** piety under Trog
  2841 | D:5      | Entered Level 5 of the Dungeon
  2942 | D:5      | Found a staircase to the Ecumenical Temple.
  2993 | D:5      | Found a blossoming altar of Fedhas.
  3127 | D:5      | Reached skill level 7 in Maces & Flails
  3135 | D:5      | Found an iron altar of Okawaru.
  3346 | D:6      | Noticed Duvessa
  3346 | D:6      | Noticed Dowan
  3353 | D:6      | Killed Dowan
  3356 | D:6      | Killed Duvessa
  3356 | D:6      | Reached skill level 5 in Armour
  3356 | D:6      | Reached XP level 8. HP: 58/58 MP: 8/8
  3396 | D:6      | Noticed Pikel
  3416 | D:6      | Killed Pikel
  3416 | D:6      | Reached skill level 8 in Maces & Flails
  4005 | D:6      | Found a shimmering altar of Xom.
  4021 | D:6      | Reached skill level 9 in Maces & Flails
  4031 | D:6      | Found a bloodstained altar of Trog.
  4032 | D:6      | Found an ancient bone altar of Kikubaaqudgha.
  4034 | D:6      | Found a deep blue altar of Sif Muna.
  4035 | D:6      | Found a glowing silver altar of Zin.
  4087 | D:6      | Found a burning altar of Makhleb.
  4117 | D:6      | Gained mutation: Your spells are a little harder to cast, but a little more powerful. [potion of beneficial mutation]
  4261 | D:6      | You fall through a shaft for 2 floors!
  4357 | D:7      | Gained mutation: You are immune to rotting. [demonic ancestry]
  4357 | D:7      | Reached XP level 9. HP: 60/63 MP: 9/9
  4593 | D:7      | Found a white marble altar of Elyvilon.
  4688 | D:7      | Reached ***** piety under Trog
  4864 | D:7      | Found a glowing golden altar of the Shining One.
  4942 | D:7      | Noticed a hill giant
  4949 | D:7      | Killed a hill giant
  4949 | D:7      | Reached skill level 10 in Maces & Flails
  5593 | D:8      | Found a staircase to the Lair.
  5798 | D:8      | Found a basalt altar of Yredelemnul.
  6416 | D:9      | Noticed a kobold demonologist
  6416 | D:9      | Noticed a kobold demonologist
  6421 | D:9      | Noticed a sun demon
  6421 | D:9      | Gained mutation: Your body sometimes deteriorates upon taking damage. [a neqoxec]
  6435 | D:9      | Killed a kobold demonologist
  6435 | D:9      | Reached skill level 11 in Maces & Flails
  6438 | D:9      | Gained mutation: You are mostly covered in slimy green scales (AC +3). [demonic ancestry]
  6438 | D:9      | Reached XP level 10. HP: 10/70 MP: 10/10
  6444 | D:9      | Noticed a sixfirhy
  6444 | D:9      | Killed a kobold demonologist
  6944 | D:9      | Noticed Erica
  6957 | D:9      | Killed Erica
  7110 | D:9      | Reached skill level 12 in Maces & Flails
  7128 | D:9      | Slain by an ogre

Action                   |  1- 3 |  4- 6 |  7- 9 | 10-12 || total
-------------------------+-------+-------+-------+-------++-------
Melee: Mace              |    20 |       |       |       ||    20
       Whip              |    35 |    80 |       |       ||   115
       Dire flail        |       |    15 |   181 |    49 ||   245
Invok: Berserk           |     2 |     1 |     5 |     1 ||     9
       Burn Spellbooks   |       |     1 |     4 |       ||     5
  Use: Scroll            |       |       |    11 |       ||    11
       Potion            |       |       |     2 |     2 ||     4
 Stab: Paralysed         |       |     1 |       |       ||     1
  Eat: Chunk             |     2 |     6 |    11 |     3 ||    22
       Meat ration       |       |       |     1 |       ||     1
       Pizza             |       |       |       |     1 ||     1
